 Dungeon Crawl Stone Soup version 0.29.1-15-g9cfb28693d (webtiles) character file.

Game seed: 17809440039609942812

29 protoss039 the Digger (level 3, 26/26 HPs)
             Began as a Demonspawn Earth Elementalist on Mar 25, 2023.
             Got out of the dungeon alive.
             The game lasted 00:01:11 (859 turns).

protoss039 the Digger (DsEE)                         Turns: 859, Time: 00:01:12

Health: 26/26      AC:  5    Str:  8    XL:     3   Next: 1%
Magic:  6/6        EV: 10    Int: 18    God:
Gold:   45         SH:  0    Dex: 13    Spells: 6/7 levels left

rFire   . . .      SeeInvis .   h - +0 triple crossbow
rCold   . . .      Faith    .   (shield currently unavailable)
rNeg    . . .      Spirit   .   j - +0 ring mail
rPois   .          Reflect  .   (no helmet)
rElec   .          Harm     .   (no cloak)
rCorr   .          Rampage  .   (no gloves)
Will    .....                   (no boots)
Stlth   +.........              (no amulet)
HPRegen 0.08/turn               (no ring)
MPRegen 0.10/turn               (no ring)

@: no status effects
A: demonic guardian 1, powered by death 1
a: no special abilities


You escaped.
You visited 1 branch of the dungeon, and saw 1 of its levels.

You collected 45 gold pieces.

Inventory:

Hand Weapons
 f - a +0 dagger
 h - a +0 triple crossbow (weapon)
Missiles
 e - 2 poisoned darts
Armour
 j - a +0 ring mail (worn)
Scrolls
 a - a scroll of teleportation {unknown}
 c - a scroll of magic mapping {unknown}
 i - a scroll of immolation {unknown}
Potions
 b - a potion of magic
 d - 3 potions of might {unknown}
 g - a potion of curing {unknown}


   Skills:
 + Level 1.3 Fighting
 * Level 0.0 Armour
 - Level 1.7 Dodging
 - Level 1.7 Stealth
 + Level 2.5 Spellcasting
 - Level 0.8 Transmutations
 + Level 3.1 Earth Magic


You had 6 spell levels left.
You knew the following spells:

 Your Spells              Type           Power      Damage    Failure   Level
a - Sandblast             Erth           26%        2d8       14%         1

Your spell library contained the following spells:

 Spells                   Type           Power      Damage    Failure   Level
 Passwall                 Tmut/Erth      7%         N/A       34%         2
 Stone Arrow              Conj/Erth      14%        3d7       63%         3
 Petrify                  Tmut/Erth      9%         N/A       93%         4


Dungeon Overview and Level Annotations

Branches:
Dungeon (1/15) Zot: 5092

Altars:


Innate Abilities, Weirdness & Mutations

A weak demonic guardian rushes to your aid.
You regenerate a little health from kills.


Message History

You start removing your armour.
You continue taking off your +0 robe. x4
You finish taking off your +0 robe.
You start putting on your armour.
You continue putting on your +0 ring mail. x5
You finish putting on your +0 ring mail.
You drop a +0 robe.
a - a scroll labelled ITAJYE ASSUNA
Okay, then.
You open the door.
A goblin comes into view. It is wielding a staff of conjuration.
There is an open door here.
A goblin is nearby!
A goblin is nearby!
A goblin is nearby!
Your line of fire to the goblin is blocked by a plant.
Fire: h) +0 triple crossbow
Press: ? - help, Q - select action, (/) - cycle Shift-Dir - straight line, f/p - goblin
Aim: a goblin, wielding a staff of conjuration (wandering, hasn't noticed you, 37% to hit)
Your line of fire to the goblin is blocked by a plant.
Unknown command.
Press: ? - help, v - describe, . - travel
Here: a goblin, wielding a staff of conjuration (wandering, hasn't noticed you)
The floor.
Fire: h) +0 triple crossbow
Press: ? - help, Q - select action, (/) - cycle Shift-Dir - straight line, f/p - goblin
Aim: a goblin, wielding a staff of conjuration (wandering, hasn't noticed you, 37% to hit)
You shoot a bolt. The goblin shouts!
The bolt hits the goblin!
You kill the goblin!
You have reached level 3!
Your experience leads to an increase in your attributes!
Increase (S)trength, (I)ntelligence, or (D)exterity?
You feel clever. x2; Your demonic ancestry asserts itself...
You feel the presence of a demonic guardian.
Unknown command.
Unknown command.
There is a staircase leading out of the dungeon here.
Are you sure you want to leave the Dungeon?
This will make you lose the game!
You have escaped!

.#######.##### #..###
#.......
......#......#####....##
#.##.###
.####..................#
#.##.# # .
#.#...##.........###
#.##.### .
#.##.##8.........8#
#>##.... #
#.....#...8...8...#
#.######
####.##8.........8# #.#
# #.###......(..##
#.###### #.# ####8@8####
#....... #.# #####
######## ########
#....... #..... #.....
#.#..... #.......
#####.##


There were no monsters in sight!

Vanquished Creatures
  A dart slug (D:1)
  3 ball pythons (D:1)
  2 endoplasms (D:1)
  A giant cockroach (D:1)
  2 hobgoblins (D:1)
  3 jackals (D:1)
  A quokka (D:1)
  3 bats (D:1)
  A frilled lizard (D:1)
  3 goblins (D:1)
  3 kobolds (D:1)
  A rat (D:1)
24 creatures vanquished.

Vanquished Creatures (others)
  3 plants (D:1)
3 creatures vanquished.

Grand Total: 27 creatures vanquished

Notes
Turn   | Place    | Note
-------+----------+-------------------------------------------
     0 | D:1      | protoss039 the Demonspawn Earth Elementalist began the
                  | quest for the Orb.
     0 | D:1      | Reached XP level 1. HP: 13/13 MP: 3/3
   135 | D:1      | Found a faded altar of an unknown god.
   270 | D:1      | Gained mutation: You regenerate a little health from kills.
                  | [demonic ancestry]
   270 | D:1      | Reached XP level 2. HP: 18/20 MP: 0/5
   472 | D:1      | Reached skill level 1 in Fighting
   477 | D:1      | Reached skill level 3 in Earth Magic
   842 | D:1      | Gained mutation: A weak demonic guardian rushes to your
                  | aid. [demonic ancestry]
   842 | D:1      | Reached XP level 3. HP: 26/26 MP: 6/6
   859 | D:$      | Got out of the dungeon alive.

Illustrated notes

Levels and vault maps discovered:
D:1:      mrwooster_arrival_statue_2, layout_loops_corners, serial_bayou,
          serial_bayou_pond_a, serial_bayou_shore_a, serial_bayou_lagoon_a,
          serial_bayou_pond_d, ebering_ecumenical_altar_ruins

Skill      XL: |  1  2 |
---------------+-------+-----
Fighting       | 1 |  1.3
Earth Magic    | 3 |  3.1
Dodging        | |  1.7
Stealth        | |  1.7
Spellcasting   | |  2.5
Transmutations | |  0.8

Action                   || total
-------------------------++-------
Melee: Dagger            ||     7
 Fire: Triple crossbow   ||    27
 Cast: Sandblast         ||    18
Armor: Robe              ||    12
Dodge: Dodged            ||    39
